cohdb
Replays
Latest Replays
All Replays
Popular Replays
Top Player Replays
Match Explorer
How It Works
Community
CoH3 Stats
Reddit
Sign in to upload your games and track your stats! →
Sign in with Steam
Match 30500719
Unlisted
Match 30500719
Overview
Messages
Build Orders
End
Panzergrenadier Squad
Selects Italian Infantry
250 Light Carrier
Panzergrenadier Squad
Construct Light Support Kompanie
Panzergrenadier Squad
Combat Half-tracks
Fire Support Elements
le.IG 18 Mechanized Group
Selects Guastatori Squad
Selects L6/40 Light Tank Combat Group
L6/40 Light Tank Combat Group
2.5-tonne Medical Truck
Construct Panzerarmee Kommand
Pak 38 Mechanized Group
Panzergrenadier Squad
Selects Defensive Operations
Selects Prepared Positions
irunfast2
一杆大鸟狙
德子玩多了要涨脑子了
TidaL
ReffRydaz
Foxse
Mishkashmoodle
恶魔猎手
0
0
Comments
sign in to comment!
No comments posted yet!